 Dungeon Crawl Stone Soup version 0.29-a0-892-g2c4c91d9db (webtiles) character file.

Game seed: 4678175361167962933

16224 PaFi the Fighter (level 12, -5/112 HPs)
             Began as a Palentonga Fighter on July 23, 2022.
             Was an Initiate of Cheibriados.
             Killed from afar by a rime drake (22 damage)
             ... with a flash freeze
             ... on level 3 of the Lair of Beasts.
             The game lasted 01:35:50 (18320 turns).

PaFi the Fighter (Palentonga Fighter)              Turns: 18320, Time: 01:35:50

Health: -5/112     AC: 23    Str: 26      XL:     12   Next: 8%
Magic:  12/12      EV:  4    Int:  7 (9)  God:    Cheibriados [......]
Gold:   48         SH: 15    Dex: 11      Spells: 11/11 levels left

rFire   . . .      SeeInvis +   a - +2 flail (freeze)
rCold   . . .      Faith    .   k - +0 kite shield
rNeg    . . .      Spirit   .   D - +0 plate armour
rPois   .          Reflect  +   C - +0 helmet
rElec   .          Harm     .   b - +0 cloak
rCorr   .          Rampage  .   F - +0 pair of gloves
Will    .....                   (no barding)
Stlth   ..........              s - amulet of reflection
HPRegen 0.28/turn               h - ring of flight
MPRegen 0.13/turn               (no ring)

@: flying, curled up, very slow
A: large, rugged brown scales 3, see invisible, deformed body, roll 1, armoured
tail, reflexive curl
a: Rolling Charge, Renounce Religion


You were on level 3 of the Lair of Beasts.
You worshipped Cheibriados.
Cheibriados was noncommittal.
You visited 3 branches of the dungeon, and saw 15 of its levels.

You collected 654 gold pieces.
You spent 606 gold pieces at shops.

Inventory:

Hand Weapons
 a - a +2 flail of freezing (weapon)
Armour
 b - a +0 cloak (worn)
 k - a +0 kite shield (worn)
 q - a scarf of repulsion
 x - the +2 tower shield of Hefomaamm {rCorr}
   (You found it on level 6 of the Dungeon)

   rCorr:     It protects you from acid and corrosion.
 C - a +0 helmet (worn)
 D - a +0 plate armour (worn)
 F - a +0 pair of gloves (worn)
Jewellery
 d - a ring of fire
 h - a ring of flight (left hand)
 s - an amulet of reflection (around neck)
Scrolls
 g - a scroll of enchant armour
 i - 6 scrolls of butterflies
 l - a scroll of vulnerability
 n - 5 scrolls of magic mapping
 t - 4 scrolls of amnesia {unknown}
 w - a scroll of brand weapon {unknown}
 y - a scroll of enchant weapon
 A - a scroll of silence
 B - 2 scrolls of immolation
Potions
 j - a potion of magic
 o - 2 potions of heal wounds
 p - 3 potions of curing
 v - 2 potions of mutation
 z - a potion of flight


   Skills:
 - Level 13.4 Fighting
 - Level 10.0 Maces & Flails
 - Level 10.0 Armour
 + Level 9.2 Shields


You had 11 spell levels left.
You didn't know any spells.
Your spell library was empty.

Dungeon Overview and Level Annotations

Branches:
Dungeon (11/15) Zot: 37571  Temple (1/1) D:7 Zot: 8903    Lair (3/5) D:10 Zot: 26767
  Swamp: Lair:2-3    Shoals: Lair:2-3     Snake: Lair:2-3    Spider: Lair:2-3
    Orc: D:9-12

Altars:
Ashenzari
Cheibriados
Dithmenos
Elyvilon
Fedhas
Gozag
Hepliaklqana
Kikubaaqudgha
Makhleb
Nemelex Xobeh
Okawaru
Qazlal
Ru
Sif Muna
Trog
Uskayaw
Vehumet
Wu Jian
Xom
Yredelemnul
Zin
The Shining One

Shops:
D:1 (*   D:9 *   D:10 *

Annotations:
D:10 boulder beetle, exclusion: door
D:11 Sonja
Lair:1 Nergalle


Innate Abilities, Weirdness & Mutations

You are completely covered in rugged brown scales. (AC +3, +7% HP)
You have supernaturally acute eyesight. (SInv)
Armour fits poorly on your strangely shaped body.
You can roll at nearby foes to attack.
You have a long armoured tail.
You curl defensively after being hit. (AC +7*)


Message History

You block the blink frog's attack. The blink frog hits you.
* * * LOW HITPOINT WARNING * * *
Okay, then.
Okay, then.
Okay, then.
Blink to where?
Press: ? - help, Dir - move target
As you read the scroll of blinking, it crumbles to dust.
You feel sick.
The blink frog gives a loud, deep croak!
The blink frog hits you.
* * * LOW HITPOINT WARNING * * *
The blink frog barely misses you.
The blink frog blinks!
You fly downwards.
The hatch slams shut behind you.
You feel sick.
Found 19 gold pieces.
Autopickup is now off.
Autopickup is now on.
You feel sick.
You feel sick.
You feel sick.
You are no longer poisoned.
A blink frog comes into view.
Found 9 gold pieces. 2 rime drakes come into view.
The rime drake hisses angrily. x2
The rime drake breathes ice at you. The flash freeze hits you!
* * * LOW HITPOINT WARNING * * *
You are encased in ice.
Unknown command.
Blink to where?
Press: ? - help, Dir - move target
Found a chain mail.
As you read the scroll of blinking, it crumbles to dust.
The ice encasing you melts away.
Found 6 stones.
The rime drake breathes ice at you. The flash freeze hits you!!
You die...

.# ##. ... ..
#..
##.#..######
(........^.#
...........#
## ##
#@#[.###.##
#..#....P.....
#...#....#.#
#.#....#.## #$
# ...#.......#
#. ##.
..##........##
.. ... .
##..P..P.#
##.##..#
##......k##
.......
#.........
....P.


You could see a rime drake (catching breath).

Vanquished Creatures
  A boulder beetle (D:10)
  A hydra (D:10)
  An ogre mage (D:10)
  A sixfirhy (D:11)
  2 ugly things
  A cyclops (D:10)
  A rust devil (D:11)
  A gargoyle (D:10)
  2 unseen horrors
  A red devil (D:11)
  2 trolls
  Grinder (D:5)
  A shadow (D:10)
  A wraith (D:10)
  19 yaks
  6 wyverns
  A neqoxec (D:11)
  5 vampire mosquitoes
  6 water moccasins
  4 orc warriors
  3 black bears
  2 ice beasts
  2 ogres (D:7)
  9 wolves
  3 centaurs
  2 bullfrogs
  A gnoll sergeant (D:8)
  5 scorpions
  A necrophage (D:5)
  18 wights
  17 killer bees
  A vampire bat (D:4)
  2 howler monkeys
  A quasit (D:11)
  5 jellies
  3 hounds
  Crazy Yiuf (D:2)
  5 orc priests
  3 gnoll boudas
  3 iguanas
  7 orc wizards
  15 gnolls
  2 adders
  A shadow imp (D:6)
  A white imp (D:5)
  An ufetubus (D:6)
  2 worms
  3 fire bats (D:4)
  29 orcs
  A spectral bat (D:4)
  7 ball pythons
  A bat simulacrum (D:4)
  3 bat skeletons (D:4)
  A bat zombie (D:4)
  7 endoplasms
  6 goblins
  4 hobgoblins
  2 jackals (D:4)
  6 kobolds
  2 quokkas
  15 bats
  11 frilled lizards
  6 rats
278 creatures vanquished.

Vanquished Creatures (others)
  An acid dragon (D:9)
  A killer bee (D:9)
  An orc wizard (D:6)
  A spectral bat (D:4)
  3 demonic plants (D:11)
  10 fungi
  31 plants
48 creatures vanquished.

Grand Total: 326 creatures vanquished

Notes
Turn   | Place    | Note
-------+----------+-------------------------------------------
     0 | D:1      | PaFi the Palentonga Fighter began the quest for the Orb.
     0 | D:1      | Reached XP level 1. HP: 19/19 MP: 1/1
   154 | D:1      | Reached XP level 2. HP: 24/25 MP: 2/2
   336 | D:1      | Found Vimolugu's Magic Scroll Shoppe.
   357 | D:1      | Bought a scroll of identify for 28 gold pieces
   359 | D:1      | Found Deorul's Assorted Antiques.
   373 | D:1      | Bought a scroll labelled PUIXIU OCIMYERA for 18 gold pieces
   507 | D:1      | Found Pehudema's Antique Weapon Boutique.
   654 | D:1      | Bought a scroll labelled XUOLISSU CEEMM for 18 gold pieces
   654 | D:1      | Bought a white potion for 16 gold pieces
   711 | D:2      | Reached XP level 3. HP: 31/31 MP: 3/3
   825 | D:2      | Found a faded altar of an unknown god.
  1206 | D:2      | Found a runed translucent door.
  1317 | D:1      | Bought a scroll of identify for 28 gold pieces
  1585 | D:1      | Bought a scroll of identify for 28 gold pieces
  1779 | D:3      | Reached skill level 4 in Fighting
  1779 | D:3      | Reached XP level 4. HP: 40/40 MP: 4/4
  1787 | D:3      | Reached skill level 5 in Fighting
  2154 | D:1      | Bought a scroll of identify for 28 gold pieces
  2332 | D:4      | Reached skill level 6 in Fighting
  2332 | D:4      | Reached XP level 5. HP: 46/49 MP: 5/5
  2385 | D:4      | Reached skill level 7 in Fighting
  2592 | D:4      | Reached skill level 8 in Fighting
  2592 | D:4      | Reached XP level 6. HP: 59/59 MP: 6/6
  3230 | D:1      | Bought a scroll of identify for 36 gold pieces
  3350 | D:5      | Entered Level 5 of the Dungeon
  3623 | D:5      | Reached skill level 9 in Fighting
  3626 | D:5      | Gained mutation: You curl defensively after being hit. (AC
                  | +7*) [Palentonga growth]
  3626 | D:5      | Reached XP level 7. HP: 61/69 MP: 5/7
  3631 | D:5      | Reached skill level 10 in Fighting
  3768 | D:5      | Reached skill level 11 in Fighting
  3785 | D:5      | Noticed Grinder
  4336 | D:6      | Reached skill level 12 in Fighting
  4355 | D:6      | Found a stormy altar of Qazlal.
  4513 | D:6      | Reached XP level 8. HP: 83/83 MP: 8/8
  4680 | D:5      | Killed Grinder
  4681 | D:5      | Reached skill level 13 in Fighting
  5239 | D:1      | Bought a scroll of poison for 56 gold pieces
  5525 | D:6      | Identified the +2 tower shield of Hefomaamm {rCorr}
  5605 | D:6      | Reached skill level 5 in Maces & Flails
  6395 | D:7      | Found a staircase to the Ecumenical Temple.
  6418 | Temple   | Entered the Ecumenical Temple
  6418 | Temple   | Found a transporter.
  6418 | Temple   | Found a transporter.
  6420 | Temple   | Found a transporter.
  6420 | Temple   | Found a transporter.
  6564 | D:7      | Reached XP level 9. HP: 90/90 MP: 9/9
  7125 | D:7      | Found an ancient bone altar of Kikubaaqudgha.
  7128 | D:7      | Found a hide-covered altar of Uskayaw.
  7136 | D:7      | Found a radiant altar of Vehumet.
  7323 | D:1      | Bought a scroll of silence for 133 gold pieces
  8712 | D:8      | Reached skill level 10 in Maces & Flails
  9355 | D:1      | Bought a scroll of butterflies for 56 gold pieces
  9355 | D:1      | Bought a scroll of immolation for 56 gold pieces
  9809 | D:9      | Reached skill level 5 in Armour
  9809 | D:9      | Reached XP level 10. HP: 82/98 MP: 8/10
 10126 | D:9      | Found Omeme's Overcharged Wands.
 10499 | D:9      | Found a glowing golden altar of the Shining One.
 11235 | D:1      | Bought a scroll of blinking for 105 gold pieces
 11500 | D:10     | Entered Level 10 of the Dungeon
 11576 | D:10     | Identified the +8 long sword of Lofiag {vorpal, Contam
                  | rElec Will++}
 11900 | D:10     | Found Adesifee's Assorted Antiques.
 12821 | D:10     | Found a staircase to the Lair.
 12881 | D:10     | Reached XP level 11. HP: 58/104 MP: 11/11
 14116 | D:10     | Noticed a brown ugly thing
 14201 | D:10     | Noticed a four-headed hydra
 14225 | D:10     | Killed a four-headed hydra
 14226 | D:10     | Reached skill level 10 in Armour
 14392 | D:10     | Noticed a boulder beetle
 14581 | D:10     | Identified the +0 leather armour of the Depths {rC- Int+5}
 14653 | Lair:1   | Entered Level 1 of the Lair of Beasts
 14653 | Lair:1   | Noticed a seven-headed hydra
 14668 | D:10     | Noticed an ogre mage
 14779 | D:10     | Killed a brown ugly thing
 15122 | D:2      | Noticed Crazy Yiuf
 15129 | D:2      | Killed Crazy Yiuf
 15457 | D:10     | Reached skill level 5 in Shields
 15610 | D:10     | Killed a boulder beetle
 16346 | D:11     | Noticed a sixfirhy
 16434 | D:10     | Killed an ogre mage
 16508 | D:11     | Killed a sixfirhy
 16518 | D:11     | Noticed a white ugly thing
 16532 | D:11     | Killed a white ugly thing
 16952 | D:11     | Noticed a six-headed hydra
 17114 | D:11     | Noticed a boulder beetle
 17579 | D:11     | Noticed Sonja
 17977 | Temple   | Became a worshipper of Cheibriados the Contemplative
 18138 | Lair:1   | Reached XP level 12. HP: 88/112 MP: 12/12
 18206 | Lair:1   | Noticed Nergalle
 18320 | Lair:3   | Killed from afar by a rime drake

Illustrated notes

Levels and vault maps discovered:
D:1:      minmay_arrival_split_and_join, layout_rooms, serial_shops,
          nicolae_lakefront_shop, shop_fountains, shop, minmay_split_cup_small
D:2:      layout_rooms, hellmonk_ecumenical_altar_slurped_away,
          minmay_lizard_king, uniq_crazy_yiuf_cottage
D:3:      layout_rooms
D:4:      layout_loops_corners, fountainhead, goddamned_bats
D:5:      layout_cave_pools, uniq_grinder
D:6:      layout_loops_ring, nicolae_qazlal_general_emergency, hex_tiny,
          grunt_ministairs_5, kennysheep_generic_room_10
D:7:      layout_loops_ring, grunt_temple_overflow_diamond,
          minmay_temple_entry_statues
D:8:      layout_gridville
D:9:      layout_loops_ring, tso_altar, nicolae_shop_overcharged_wands
D:10:     nzn_winding_woodlands_three_and_one
          [nzn_winding_woodlands_5x15_split_checker,
          nzn_winding_woodlands_5x15_sawtooth,
          nzn_winding_woodlands_5x15_parted,
          nzn_winding_woodlands_center_triple_pond], layout_stronghold,
          minmay_lair_entry_grove, serial_shops, nicolae_stop_n_shop_1,
          hangedman_abyss_or_decor_lesser_grid, skrybe_limestone_x
D:11:     layout_stronghold, serial_demonic, serial_demonic_e, serial_demonic_c,
          serial_demonic_c, serial_demonic_b, uniq_sonja, uniq_josephine
Temple:   hellmonk_temple_divided_pantheon
Lair:1:   layout_gridlike, small_statue_intersection, beast_lair_carwin_10,
          uniq_nergalle
Lair:2:   layout_regular_city, palyth_hydra_swamp_entry,
          guppyfry_snake_entry_island, infiniplex_staircase_pool,
          grunt_megastairs_5
Lair:3:   dreamdust_cave_troll, layout_loops_ring, uniq_snorg

Skill      XL: |  1  2  3  4  5  6  7  8  9 10 11 12 |
---------------+-------------------------------------+-----
Maces & Flails | 3 4 7 10 | 10.0
Fighting       | 4 6 8 9 12 13 | 13.4
Armour         | 5 9 10 | 10.0
Shields        | 8 9 |  9.2

Action                   |  1- 3 |  4- 6 |  7- 9 | 10-12 || total
-------------------------+-------+-------+-------+-------++-------
Melee: Flail             |   105 |       |       |   408 ||   513
       Tailslap          |    10 |    19 |    45 |    69 ||   143
       Mace              |    32 |   137 |   303 |    94 ||   566
Throw: Throwing net      |       |       |     1 |     3 ||     4
 Abil: Rolling Charge    |    37 |    27 |    54 |    56 ||   174
Evoke: Wand              |       |       |    12 |     4 ||    16
  Use: Scroll            |     8 |     2 |     6 |    18 ||    34
       Potion            |       |     1 |       |    13 ||    14
 Stab: Held in net/web   |       |       |     2 |     1 ||     3
       Invisible         |       |       |       |     5 ||     5
Armor: Scale mail        |    89 |   114 |   150 |    94 ||   447
       Plate armour      |       |       |       |   135 ||   135
Dodge: Dodged            |    49 |    55 |    96 |   124 ||   324
Block: Buckler           |    25 |    27 |    56 |   183 ||   291
       Reflection        |       |       |       |     4 ||     4
       Tower shield      |       |       |       |     5 ||     5
       Kite shield       |       |       |       |    47 ||    47

Table legend: (Time is in decaauts)
 A = Elapsed time spent in this place.
 B = Non-inter-level travel time spent in this place.
 C = Inter-level travel time spent in this place.
 D = Time resting spent in this place.
 E = Time spent auto-exploring this place.
 F = Levels seen in this place.
 G = Mean time per level.
                   A        B        C        D        E       F      G
               +--------+--------+--------+--------+--------+-----+--------+
         Total |  18464 |  14456 |   4008 |   1662 |   9491 |  15 | 1230.9 |
       Dungeon |  18167 |  14184 |   3983 |   1662 |   9434 |  11 | 1651.5 |
        Temple |     70 |     45 |     25 |      0 |      6 |   1 |   70.0 |
          Lair |    227 |    227 |      0 |      0 |     51 |   3 |   75.7 |
               +--------+--------+--------+--------+--------+-----+--------+

Top non-repeatable levels by time:
    D:10: 4431 daAuts
     D:4: 2242 daAuts
     D:9: 2195 daAuts
     D:7: 1662 daAuts
     D:8: 1565 daAuts
     D:6: 1242 daAuts
     D:2: 1180 daAuts
     D:5: 1122 daAuts
     D:1: 902 daAuts
    D:11: 888 daAuts
     D:3: 733 daAuts
  Lair:2: 106 daAuts
  Lair:1: 100 daAuts
  Temple: 70 daAuts
  Lair:3: 19 daAuts
